 Dungeon Crawl Stone Soup version 0.23-a0-344-ge122d05 (webtiles) character file.

305 Moebius the Chopper (level 6, -2/57 HPs)
             Began as a Hill Orc Monk on Oct 19, 2018.
             Slain by a crimson imp
             ... wielding a +0 falchion
              (5 damage)
             ... on level 6 of the Dungeon.
             The game lasted 00:14:51 (4103 turns).

Moebius the Chopper (Hill Orc Monk)                 Turns: 4103, Time: 00:14:52

Health: -2/57      AC: 13    Str: 14      XL:     6   Next: 39%
Magic:  6/6        EV:  7    Int:  9 (10) God:
Gold:   253        SH:  0    Dex: 18 (19) Spells: 5/5 levels left

rFire    . . .     SeeInvis .   a - +1 hand axe
rCold    . . .     Gourm    .   (no shield)
rNeg     . . .     Faith    .   h - +0 chain mail
rPois    .         Spirit   .   E - +1 helmet
rElec    .         Reflect  .   (no cloak)
rCorr    .         Harm     .   (no gloves)
MR       .....                  (no boots)
Stlth    ..........             (no amulet)
HPRegen  0.19/turn              (no ring)
MPRegen  0.10/turn              (no ring)

@: very slightly contaminated, drained, invisible
A: rugged brown scales 2, agile 2
a: no special abilities


You were on level 6 of the Dungeon.
You were not hungry.

You visited 2 branches of the dungeon, and saw 7 of its levels.

You collected 253 gold pieces.

Inventory:

Hand Weapons
 a - a +1 hand axe (weapon)
 o - a +0 hunting sling
Missiles
 i - 3 exploding tomahawks
 k - 18 sling bullets
 n - 30 arrows
 p - 23 poisoned needles
 u - 149 stones (quivered)
 v - 53 bolts
 D - 6 needles of confusion
Armour
 b - a +0 robe
 h - a +0 chain mail (worn)
 E - a +1 helmet (worn)
Jewellery
 e - an uncursed amulet of harm
 j - an uncursed ring of ice
Wands
 f - a wand of polymorph (13)
 C - a wand of iceblast (12)
Scrolls
 m - 2 scrolls of remove curse
 x - 3 scrolls of teleportation
 y - a scroll of identify
 F - a scroll of enchant weapon
Potions
 q - a potion of mutation
 G - a potion of invisibility
Comestibles
 c - 8 rations


   Skills:
 + Level 4.9(4.0) Fighting
 + Level 7.1(6.2) Axes
 + Level 0.2(0.0) Slings
 + Level 3.2(2.4) Armour
 - Level 2.4(1.6) Dodging
 - Level 1.5(0.7) Stealth


You had 5 spell levels left.
You didn't know any spells.
Your spell library was empty.

Dungeon Overview and Level Annotations

Branches:
Dungeon (6/15)             Temple (1/1) D:4

Altars:
Ashenzari
Dithmenos
Fedhas
Gozag
Hepliaklqana
Kikubaaqudgha
Makhleb
Nemelex Xobeh
Okawaru
Qazlal
Ru
Sif Muna
Trog
Uskayaw
Vehumet
Wu Jian
Xom
Yredelemnul
Zin
The Shining One

Shops:
D:4 %

Annotations:
D:4 3 runed doors, namelastname112's ghost, novice DrWn


Innate Abilities, Weirdness & Mutations

You are mostly covered in rugged brown scales. (AC +2, +5% HP)
You are very agile. (Dex +4)


Message History

* * * LOW HITPOINT WARNING * * *
The bullfrog barely misses you.
You catch the helpless bullfrog completely off-guard!
You slash the bullfrog!
You kill the bullfrog!
You feel your strength returning.
You feel your intelligence returning.
Your base Axes skill increases to level 7!
You see here a bullfrog corpse.
You closely miss the crimson imp.
The crimson imp hits you but does no damage.
You catch the helpless crimson imp completely off-guard!
You hit the crimson imp but do no damage.
The crimson imp barely misses you.
You slash the crimson imp!
The crimson imp is heavily wounded.
The crimson imp hits you but does no damage.
You hit the crimson imp.
The crimson imp is heavily wounded.
The crimson imp hits you with a +0 falchion.
You die...

#.##
.#####..##
.......).#
..5......#
..$......#
.........#
#######..#
##5# #@#
#.# #.#
#.......#
#...###.#
#.....
#......
##.......
#......


You could see a crimson imp.

Vanquished Creatures
  A bullfrog (D:6)
  A crimson imp (D:4)
  A hound (D:6)
  An orc wizard (D:4)
  An iguana (D:4)
  2 adders
  A gnoll (D:5)
  An ooze (D:3)
  A worm (D:3)
  3 leopard geckos
  5 orcs
  6 bats
  8 giant cockroaches
  3 goblins
  13 hobgoblins
  8 jackals
  9 kobolds
  2 quokkas
  A ball python (D:2)
  5 frilled lizards
  A jackal skeleton (D:4)
  A quokka zombie (D:5)
  6 rats
81 creatures vanquished.

Notes
Turn   | Place    | Note
-------+----------+-------------------------------------------
     0 | D:1      | Moebius the Hill Orc Monk began the quest for the Orb.
     0 | D:1      | Reached XP level 1. HP: 19/19 MP: 1/1
    31 | D:1      | Found a shimmering altar of Xom.
   239 | D:1      | Reached XP level 2. HP: 27/27 MP: 2/2
   391 | D:2      | Reached XP level 3. HP: 32/33 MP: 3/3
   446 | D:2      | Reached skill level 5 in Axes
   536 | D:1      | Reached skill level 1 in Armour
  1091 | D:2      | Found a bloodstained altar of Trog.
  1668 | D:3      | Found an opulent altar of Gozag.
  1737 | D:3      | Reached XP level 4. HP: 35/40 MP: 4/4
  2084 | D:3      | Found an iron altar of Okawaru.
  2397 | D:4      | Found Pekon's Food Boutique.
  2489 | D:5      | Entered Level 5 of the Dungeon
  2531 | D:4      | Found a stormy altar of Qazlal.
  2531 | D:4      | Noticed an air elemental
  2532 | D:4      | Noticed an earth elemental
  2532 | D:4      | Noticed a water elemental
  2532 | D:4      | Noticed a fire elemental
  2600 | D:4      | Noticed namelastname112's ghost (novice DrWn)
  2614 | D:4      | Noticed an ogre
  2715 | D:4      | Found a runed gate.
  2715 | D:4      | Found a runed gate.
  2715 | D:4      | Found a runed gate.
  2764 | D:4      | Reached skill level 6 in Axes
  2764 | D:4      | Reached XP level 5. HP: 47/47 MP: 5/5
  2783 | D:4      | HP: 2/47 [iguana (9)]
  2787 | D:4      | Gained mutation: You are partially covered in rugged brown
                  | scales. (AC +1, +3% HP) [potion of mutation]
  2787 | D:4      | Gained mutation: You are agile. (Dex +2) [potion of
                  | mutation]
  2787 | D:4      | Gained mutation: You are very agile. (Dex +4) [potion of
                  | mutation]
  2787 | D:4      | Gained mutation: You are mostly covered in rugged brown
                  | scales. (AC +2, +5% HP) [potion of mutation]
  3027 | D:4      | Found a glowing golden altar of the Shining One.
  3157 | D:3      | Found a radiant altar of Vehumet.
  3201 | D:4      | Found a staircase to the Ecumenical Temple.
  3210 | Temple   | Entered the Ecumenical Temple
  3606 | D:4      | Found a shimmering altar of Xom.
  4012 | D:5      | Noticed a sky beast
  4014 | D:5      | Found an ancient bone altar of Kikubaaqudgha.
  4014 | D:5      | Noticed a water moccasin
  4041 | D:6      | Noticed an acid dragon
  4041 | D:6      | a water moccasin changed into an acid dragon
  4043 | D:6      | HP: 1/49 [acid (11)]
  4083 | D:6      | Reached XP level 6. HP: 5/55 MP: 6/6
  4097 | D:6      | HP: 2/55 [bullfrog (2)]
  4098 | D:6      | Reached skill level 7 in Axes
  4103 | D:6      | Slain by a crimson imp

Vault maps used:
D:1:      dpeg_arrival_lava_temple_mockup, xom_teletrap_fun
D:2:      marbit_many_paths
D:3:      lemuel_upstairs_altar, nicolae_gozag_cash_rules_everything_around_me,
          okawaru_gym_becter
D:4:      lemuel_coloured_pillars_altar, nicolae_qazlal_style_of_elements,
          lemuel_temple_firewalk_a, serial_shops, shop, gammafunk_ghost_split,
          nicolae_tso_swordbearing_angel
D:5:      kiku_gazebo_pond_becter, elyvilon_altar_5, first_ration,
          kennysheep_generic_room_4
D:6:      hangedman_cross_stitches, kennysheep_little_box, vehumet_statue
Temple:   minmay_temple_bridge_abc

Skill      XL: |  1  2  3  4  5  6 |
---------------+-------------------+-----
Fighting       | 4 |  4.9
Axes           | 5 6 7 |  7.1
Armour         | 1 2 3 |  3.2
Slings         | |  0.2
Dodging        | |  2.4
Stealth        | |  1.5

Action                   |  1- 3 |  4- 6 || total
-------------------------+-------+-------++-------
Melee: Hand axe          |   139 |   278 ||   417
 Fire: Hunting sling     |     4 |       ||     4
Evoke: Wand              |       |     3 ||     3
  Use: Scroll            |     1 |     9 ||    10
       Potion            |       |    12 ||    12
 Stab: Invisible         |       |     2 ||     2
  Eat: Chunk             |     1 |     6 ||     7
       Ration            |     1 |       ||     1
Armor: Chain mail        |   103 |   193 ||   296
       Skin              |       |     8 ||     8
Dodge: Dodged            |    54 |    93 ||   147

Table legend:
 A = Non-vault XP
 B = Vault XP
 C = Vault XP percentage of total XP
 D = Non-vault monster count
 E = Vault monster count
 F = Vault count percentage of total count
                 A         B        C        D         E       F
            +---------+---------+-------+---------+---------+-------
      Total |     420 |      16 |   3.7 |      79 |       2 |   2.5
            +---------+---------+-------+---------+---------+-------
        D:1 |      30 |       0 |   0.0 |      18 |       0 |   0.0
        D:2 |      35 |       2 |   5.4 |      16 |       1 |   5.9
        D:3 |      67 |       0 |   0.0 |      25 |       0 |   0.0
        D:4 |     152 |       0 |   0.0 |      16 |       0 |   0.0
        D:5 |       1 |      14 |  93.3 |       1 |       1 |  50.0
        D:6 |     135 |       0 |   0.0 |       3 |       0 |   0.0
            +---------+---------+-------+---------+---------+-------
